 Dungeon Crawl Stone Soup version 0.17-a0-2073-gde5cdba (webtiles) character file.

56 patman the Insei (level 3, -2/26 HPs)
             Began as an Octopode Monk on Oct 14, 2015.
             Slain by a goblin (3 damage)
             ... led by Robin
             ... on level 2 of the Dungeon.
             The game lasted 00:01:53 (923 turns).

patman the Insei (Octopode Monk)                     Turns: 923, Time: 00:01:53

Health: -2/26      AC:  1    Str: 11    XL:     3   Next: 95%
Magic:  3/3        EV: 13    Int: 12    God:
Gold:   73         SH:  0    Dex: 14    Spells: 0 memorised, 2 levels left

rFire  . . .     SeeInvis .       - Unarmed
rCold  . . .     Clarity  .     (no shield)
rNeg   . . .     SustAt   .     (helmet restricted)
rPois  .         Gourm    +     e - amulet of the gourmand
rElec  .         Spirit   .     d - ring of wizardry
rCorr  .         Warding  .     (no ring)
rMut   .         Stasis   .     (no ring)
MR     .....                    (no ring)
Stlth  +++.......               (no ring)
                                (no ring)
                                (no ring)
                                (no ring)

@: lethally poisoned (-2 -> -9), not resistant to hostile enchantments, fairly
stealthy
A: almost no armour, amphibious, 8 rings, constrict 8, camouflage 1, gelatinous
body 1
a: no special abilities


You were on level 2 of the Dungeon.
You were not hungry.

You visited 1 branch of the dungeon, and saw 2 of its levels.

You collected 73 gold pieces.

Inventory:

Missiles
 i - 6 tomahawks (quivered)
Jewellery
 d - a ring of wizardry (left tentacle)
 e - an amulet of the gourmand (around mantle)
Scrolls
 b - a scroll of enchant weapon {unknown}
 g - 2 scrolls of identify {unknown}
Potions
 c - 3 potions of lignification {unknown}
 h - a potion of curing {unknown}
Comestibles
 a - a bread ration
 f - a beef jerky


   Skills:
 - Level 3.0 Fighting
 - Level 3.0 Dodging
 - Level 2.6 Stealth
 + Level 5.4 Unarmed Combat


You had 2 spell levels left.
You didn't know any spells.

Dungeon Overview and Level Annotations

Branches:
Dungeon (2/15)

Altars:
Lugonu

Portals:
Abyss: D:1

Annotations:
D:2 Robin


Innate Abilities, Weirdness & Mutations

You cannot wear most types of armour.
You are amphibious.
You can wear up to eight rings at the same time.
You can use your tentacles to constrict eight enemies at once.
Your skin changes colour to match your surroundings (Stealth).
Your rubbery body absorbs attacks (AC +1).


Message History

The goblin is heavily wounded.
You feel sick. The goblin hits you with a dagger. The goblin barely misses you.
The goblin closely misses you. The goblin hits you but does no damage.
Robin throws the goblin at you! The goblin barely misses you.
The goblin closely misses you.
You feel sick.
You feel sick. The goblin closely misses you.
The goblin hits you but does no damage.
You feel sick. Robin throws the goblin at you! The goblin barely misses you.
You closely miss the goblin. You grab the goblin. You constrict the goblin.
* * * LOW HITPOINT WARNING * * *
You feel sick. The goblin hits you.
* * * LOW HITPOINT WARNING * * *
The goblin barely misses you.
You barely miss the goblin.
The goblin is lightly wounded.
You constrict the goblin. The goblin hits you.
* * * LOW HITPOINT WARNING * * *
The goblin hits you.
You die...

#.##.#.#######.##......# #......#
#.#####.#.# ####.### #.......#.#
#.# #########.. .g ##.## #..
.w.####### #...# ####### ###..
.....$...###...# #.....# #....
.........)...gg####.....# #....
...........g.ggg@g......# #....
.............g.g.##.....# ###.<
...#####.......g.##..÷..#######.†
.. ......#....#####.......##.# $
####...(....# #†#####.##.#
##.......# #.# #.##.#
#.###.#.#####.# #....# #.
..........# #(####
#.......#####.#


You could see Robin, 2 hobgoblins and 7 goblins.

Vanquished Creatures
  2 adders (D:2)
  2 giant geckos (D:1)
  A giant cockroach (D:2)
  3 goblins
  4 hobgoblins
  4 jackals (D:2)
  4 kobolds
  6 bats
  2 giant newts (D:1)
  5 rats (D:1)
33 creatures vanquished.

Notes
Turn   | Place    | Note
--------------------------------------------------------------
     0 | D:1      | patman the Octopode Monk began the quest for the Orb.
     0 | D:1      | Reached XP level 1. HP: 16/16 MP: 1/1
   131 | D:1      | Reached XP level 2. HP: 19/21 MP: 2/2
   516 | D:1      | Found a one-way gate to the infinite horrors of the Abyss.
   516 | D:1      | Found a corrupted altar of Lugonu.
   516 | D:1      | Noticed a quasit
   516 | D:1      | Noticed an iron imp
   516 | D:1      | Noticed an iron imp
   516 | D:1      | Noticed an iron imp
   516 | D:1      | Noticed a demonic crawler
   516 | D:1      | Noticed an iron imp
   516 | D:1      | Noticed an iron imp
   518 | D:1      | Noticed an iron imp
   519 | D:1      | Reached XP level 3. HP: 21/26 MP: 3/3
   646 | D:2      | Reached skill level 5 in Unarmed Combat
   905 | D:2      | Noticed Robin
   923 | D:2      | HP: 1/26 [goblin[Robin] (4)]
   923 | D:2      | Slain by a goblin

Vault maps used:
D:1:      erik_arrival_cave_to_civilisation, minmay_crystal_room, moated_statue,
          st_stairs_8
D:2:      grunt_ministairs_3, st_stairs_11, uniq_robin

Action                   || total
-------------------------++-------
Melee: Unarmed           ||    68
 Stab: Sleeping          ||     4
